 Dungeon Crawl Stone Soup version 0.19-a0-1895-g783e625 (webtiles) character file.

3352 Amnesiac the Grappler (level 9, -5/89 HPs)
             Began as a Troll Berserker on Oct 18, 2016.
             Was a Priest of Trog.
             Slain by an eight-headed hydra (8 damage)
             ... on level 3 of the Lair of Beasts.
             The game lasted 00:05:09 (2301 turns).

Amnesiac the Grappler (Troll Berserker)             Turns: 2301, Time: 00:05:10

Health: -5/89      AC:  6    Str: 27    XL:     9   Next: 72%
Magic:  8/8        EV: 12    Int:  3    God:    Trog [***...]
Gold:   153        SH:  0    Dex: 12    Spells: 0 memorised, 8 levels left

rFire  . . .     SeeInvis .       - Unarmed
rCold  . . .     Gourm    +     a - +0 animal skin
rNeg   . . .     Faith    .     (no shield)
rPois  .         Spirit   .     (helmet restricted)
rElec  .         Reflect  .     o - +0 cloak
rCorr  .         Harm     .     (gloves unavailable)
MR     .....                    (boots unavailable)
Stlth  +.........               (no amulet)
                                (no ring)
                                (no ring)

@: no status effects
A: unfitting armour, claws 3, fast metabolism 3, gourmand, regeneration 1,
shaggy fur 1, tough skin 2
a: Berserk, Trog's Hand, Burn Spellbooks, Renounce Religion


You were on level 3 of the Lair of Beasts.
You worshipped Trog.
Trog was most pleased with you.
You were very full.

You visited 2 branches of the dungeon, and saw 13 of its levels.

You collected 205 gold pieces.
You spent 52 gold pieces at shops.

Inventory:

Armour
 a - a +0 animal skin (worn)
 o - a +0 cloak (worn)
Wands
 u - a wand of enslavement (15/24)
Scrolls
 f - a scroll of holy word {unknown}
 g - a scroll of enchant armour {unknown}
 h - a scroll of teleportation {unknown}
 j - 3 scrolls of remove curse
 m - a scroll of enchant weapon {unknown}
 s - a scroll of blinking {unknown}
 w - a scroll of noise {unknown}
Potions
 d - 3 potions of resistance {unknown}
 i - a potion of haste
 l - 2 potions of curing
 n - a potion of brilliance {unknown}
 p - a potion of cancellation {unknown}
 q - a potion of mutation
 r - a potion of lignification {unknown}
 t - a potion of heal wounds
Comestibles
 b - 8 bread rations
 c - a beef jerky
 k - a meat ration
 v - a chunk of flesh


   Skills:
 + Level 6.1 Fighting
 + Level 6.2 Dodging
 * Level 10.4 Unarmed Combat


You had 8 spell levels left.
You didn't know any spells.

Dungeon Overview and Level Annotations

Branches:
Dungeon (10/15)              Lair (3/6) D:8
 Temple: D:4-7        Swamp: Lair:2-4    Shoals: Lair:2-4     Snake: Lair:2-4
 Spider: Lair:2-4       Orc: D:9-12

Altars:
Gozag

Shops:
D:4 *=   D:9 =

Annotations:
Lair:2 exclusion: hydra


Innate Abilities, Weirdness & Mutations

You are too large for most types of armour.
You have claws for hands.
Your metabolism is lightning-fast.
You like to eat raw meat.
Your natural rate of healing is unusually fast.
You are covered in fur. (AC +1)
You have very tough skin. (AC +2)


Message History

The six-headed hydra barely misses you. The six-headed hydra bites you! x2
The six-headed hydra bites you. x2; The six-headed hydra barely misses you.
You tear one of the six-headed hydra's heads off!
The five-headed hydra grows two more!
You claw the seven-headed hydra!
The seven-headed hydra is moderately wounded.
You hear an angry hiss.
The seven-headed hydra bites you. The seven-headed hydra bites you!
* * * LOW HITPOINT WARNING * * *
The seven-headed hydra misses you. The seven-headed hydra bites you!
* * * LOW HITPOINT WARNING * * *
The seven-headed hydra bites you.
* * * LOW HITPOINT WARNING * * *
The seven-headed hydra bites you.
* * * LOW HITPOINT WARNING * * *
The seven-headed hydra bites you but does no damage.
You rip one of the seven-headed hydra's heads off!
The six-headed hydra grows two more!
You scratch the eight-headed hydra.
The eight-headed hydra is lightly wounded.
The eight-headed hydra bites you!
You die...

..............
.............
............
...........
>.......
l....#
##....##
#.@D...#
#.....P#
##....##
#.....#
#....$#
#....## ......
.......


You could see an eight-headed hydra and a basilisk.

Vanquished Creatures
  A black mamba (Lair:2)
  A spiny frog (Lair:2)
  A komodo dragon (Lair:2)
  A polar bear (Lair:2)
  A hippogriff (Lair:1)
  A spriggan (D:8)
  3 yaks (Lair:1)
  2 porcupines
  A sky beast (D:9)
  2 crocodiles
  A centaur (D:7)
  A big kobold (D:8)
  A bullfrog (Lair:1)
  3 scorpions
  3 howler monkeys (D:8)
  5 crimson imps
  3 hounds
  2 orc priests (D:8)
  A jelly (D:7)
  An orc wizard (D:9)
  3 worker ants
  A hound zombie (D:9)
  4 gnolls (D:4)
  4 adders
  A leopard gecko (D:1)
  12 orcs
  4 bats (D:1)
  2 frilled lizards
  A goblin (D:1)
  5 kobolds
72 creatures vanquished.

Notes
Turn   | Place    | Note
-------+----------+-------------------------------------------
     0 | D:1      | Amnesiac the Troll Berserker began the quest for the Orb.
     0 | D:1      | Reached XP level 1. HP: 22/22 MP: 0/0
   226 | D:1      | Reached XP level 2. HP: 29/29 MP: 1/1
   358 | D:4      | Reached XP level 3. HP: 29/36 MP: 2/2
   390 | D:4      | Found Tudag's Jewellery Emporium.
   400 | D:4      | Reached skill level 4 in Unarmed Combat
   427 | D:4      | Reached XP level 4. HP: 44/44 MP: 3/3
   478 | D:4      | Found Xoxorph's Assorted Antiques.
   494 | D:4      | Bought 2 sedimented golden potions for 52 gold pieces
   572 | D:5      | Entered Level 5 of the Dungeon
   728 | D:6      | Reached XP level 5. HP: 53/53 MP: 4/4
   751 | D:6      | Reached skill level 5 in Unarmed Combat
   766 | D:7      | Noticed a centaur
   771 | D:7      | Killed a centaur
   771 | D:7      | Reached ** piety under Trog
   771 | D:7      | Reached XP level 6. HP: 33/61 MP: 5/5
   999 | D:8      | Noticed a spriggan baker
  1012 | D:8      | Killed a spriggan baker
  1012 | D:8      | Reached skill level 6 in Unarmed Combat
  1012 | D:8      | Reached XP level 7. HP: 42/68 MP: 6/6
  1201 | D:9      | Reached skill level 7 in Unarmed Combat
  1282 | D:9      | Found an opulent altar of Gozag.
  1377 | D:9      | Found Momofiq's Jewellery Shoppe.
  1465 | D:9      | Reached XP level 8. HP: 79/79 MP: 7/7
  1562 | D:10     | Entered Level 10 of the Dungeon
  1627 | D:8      | Found a staircase to the Lair.
  1733 | Lair:1   | Entered Level 1 of the Lair of Beasts
  1733 | Lair:1   | Noticed a hippogriff
  1742 | Lair:1   | Killed a hippogriff
  1742 | Lair:1   | Reached skill level 8 in Unarmed Combat
  1796 | Lair:1   | Reached skill level 5 in Fighting
  1796 | Lair:1   | Reached skill level 5 in Dodging
  1846 | Lair:1   | Reached skill level 9 in Unarmed Combat
  1885 | Lair:1   | Reached XP level 9. HP: 59/88 MP: 8/8
  1928 | Lair:2   | Noticed a spiny frog
  1934 | Lair:2   | Reached *** piety under Trog
  1937 | Lair:2   | Killed a spiny frog
  1964 | Lair:1   | Noticed a black mamba
  1964 | Lair:1   | Noticed a komodo dragon
  1965 | Lair:1   | Noticed a komodo dragon
  1976 | Lair:2   | Killed a black mamba
  2127 | Lair:2   | Noticed a six-headed hydra
  2176 | Lair:2   | Reached skill level 10 in Unarmed Combat
  2185 | Lair:2   | Noticed a komodo dragon
  2186 | Lair:2   | Noticed a polar bear
  2193 | Lair:2   | Killed a komodo dragon
  2197 | Lair:2   | Killed a polar bear
  2227 | Lair:2   | Noticed a four-headed hydra
  2300 | Lair:3   | HP: 3/89 [seven-headed hydra (6)]
  2301 | Lair:3   | Slain by an eight-headed hydra

Vault maps used:
D:1:      wheals_arrival_linesprint
D:3:      kennysheep_goblin_castle, lemuel_round_altar, serial_undead,
          serial_undead_a, serial_undead_c, serial_undead_c, serial_undead_e,
          minmay_misc_feat_tower
D:4:      serial_shops, shop, shop_fountains
D:5:      kennysheep_mini, first_bread
D:6:      grunt_qazlal_sundering, grunt_ministairs_11
D:7:      uniq_duvessa
D:8:      lair_0_dummy, the_bakery, minmay_misc_feat_room
D:9:      grunt_gozag_breadcrumbs, gammafunk_temple_overflow_statue,
          serial_shops, shop_fountains, shop, nicolae_shop_stone
D:10:     lightli_wizard_tower, uniq_erica
Lair:2:   minmay_swamp_entry_swarm, uniq_gastronok
Lair:3:   dummy_spider_entry

Skill      XL: |  1  2  3  4  5  6  7  8  9 |
---------------+----------------------------+-----
Unarmed Combat | 4 5 6 7 9 10 | 10.4
Dodging        | 3 4 5 6 |  6.2
Fighting       | 3 4 5 6 |  6.1

Action                   |  1- 3 |  4- 6 |  7- 9 || total
-------------------------+-------+-------+-------++-------
Melee: Unarmed           |    41 |    70 |   141 ||   252
       Punch             |       |     2 |     3 ||     5
Invok: Berserk           |     1 |     2 |     3 ||     6
  Use: Scroll            |       |     3 |     5 ||     8
       Potion            |       |       |     1 ||     1
 Stab: Sleeping          |       |     1 |       ||     1
  Eat: Chunk             |    10 |     7 |    15 ||    32
Armor: Animal skin       |    19 |    16 |    38 ||    73
Dodge: Dodged            |    25 |    32 |    69 ||   126
